 Dungeon Crawl Stone Soup version 0.17.0-28-g6e173f8 (webtiles) character file.

136 rootspb the Chopper (level 4, -11/41 HPs)
             Began as a Minotaur Berserker on Nov 24, 2015.
             Was a Believer of Trog.
             Killed by divine providence
             ... invoked by an orc priest
              (15 damage)
             ... on level 3 of the Dungeon.
             The game lasted 00:06:55 (967 turns).

rootspb the Chopper (Minotaur Berserker)             Turns: 967, Time: 00:06:55

Health: -11/41     AC:  5    Str: 22    XL:     4   Next: 98%
Magic:  3/3        EV: 12    Int:  4    God:    Trog [**....]
Gold:   117        SH:  0    Dex: 10    Spells: 0 memorised, 3 levels left

rFire  . . .     SeeInvis .     a - +0 hand axe
rCold  . . .     Clarity  .     g - -1 leather armour (curse)
rNeg   . . .     SustAt   .     (no shield)
rPois  .         Gourm    .     e - +2 hat
rElec  .         Spirit   .     i - +0 cloak
rCorr  .         Warding  .     (no gloves)
rMut   .         Stasis   .     (no boots)
MR     .....                    (no amulet)
Stlth  +.........               (no ring)
                                (no ring)

@: not resistant to hostile enchantments, very unstealthy
A: retaliatory headbutt, horns 2
a: Berserk, Trog's Hand, Burn Spellbooks, Renounce Religion


You were on level 3 of the Dungeon.
You worshipped Trog.
Trog was pleased with you.
You were not hungry.

You visited 1 branch of the dungeon, and saw 3 of its levels.

You collected 117 gold pieces.

Inventory:

Hand Weapons
 a - a +0 hand axe (weapon)
 d - a +0 short sword
 n - a +0 short sword
 v - a +2 whip of draining
Missiles
 q - 17 sling bullets
Armour
 e - a +2 hat (worn)
 g - a cursed -1 leather armour (worn)
 i - a +0 cloak (worn)
 j - a cursed +0 scale mail
 r - a cursed +0 ring mail
 s - a +0 leather armour
Scrolls
 b - a scroll of remove curse {unknown}
 k - a scroll of identify {unknown}
 m - a scroll of enchant armour {unknown}
 t - a scroll of fog {unknown}
 x - a scroll of blinking {unknown}
Potions
 h - a potion of resistance {unknown}
 l - a potion of agility {unknown}
 p - a potion of ambrosia {unknown}
 u - a potion of berserk rage {unknown}
 w - a potion of invisibility {unknown}
Comestibles
 c - 3 bread rations
 f - 6 chunks of flesh
 o - 3 inedible chunks of flesh


   Skills:
 + Level 4.8 Fighting
 + Level 4.9 Axes
 + Level 3.2 Armour
 + Level 3.2 Dodging


You had 3 spell levels left.
You didn't know any spells.

Dungeon Overview and Level Annotations

Branches:
Dungeon (3/15)

Altars:
Dithmenos
Gozag
Xom
Zin

Portals:
Sewer: D:3


Innate Abilities, Weirdness & Mutations

You reflexively headbutt those who attack you in melee.
You have a pair of horns on your head.


Message History

Trog accepts your kill.
You hit the orc but do no damage.
The orc is heavily wounded.
The orc priest mumbles some strange prayers to Beogh against you.
Something smites you!
* * * LOW HITPOINT WARNING * * *
The orc closely misses you.
The orc priest calls upon Beogh to heal the orc.
The orc's wounds heal themselves!
You see here a giant newt corpse.
You hear the rusting of a drain.
You see here a club.
The orc priest looks braver for a moment.
The orc barely misses you. You furiously retaliate!
You headbutt the orc.
The orc priest invokes the aid of Beogh against you.
Pain shoots through your body!
* * * LOW HITPOINT WARNING * * *
The orc priest mumbles some strange prayers to Beogh against you.
Something smites you!
You die...

#.# #.# #.. #.#
##.## #.# #.#
##...####.#
##.###.....##.#
..............#
##.###.....##.##
#........###..##
#######..#
#.#.###.# ##.#
#...@..#
#####.###..o####
#...ooooo)...#
#..#######.#......#
...#≈≈≈SS#........#
.#.#≈≈∩Ss+..#......
#.#≈≈≈≈≈#..#..##.#
#.#######...#.# #
#..........##..


You could see an orc priest, 3 adders, 4 orcs and a giant cockroach.

Vanquished Creatures
  A scorpion (D:3)
  A hound (D:3)
  2 adders (D:2)
  A worm (D:3)
  2 giant geckos
  4 orcs (D:3)
  A giant cockroach (D:2)
  3 goblins
  5 hobgoblins
  2 kobolds
  A quokka (D:2)
  2 giant newts
  3 rats
28 creatures vanquished.

Notes
Turn   | Place    | Note
--------------------------------------------------------------
     0 | D:1      | rootspb the Minotaur Berserker began the quest for the Orb.
     0 | D:1      | Reached XP level 1. HP: 19/19 MP: 0/0
   236 | D:1      | Reached XP level 2. HP: 17/27 MP: 1/1
   265 | D:2      | Reached skill level 4 in Axes
   467 | D:2      | Reached XP level 3. HP: 22/33 MP: 2/2
   505 | D:2      | Found an opulent altar of Gozag.
   762 | D:2      | Found a shadowy altar of Dithmenos.
   762 | D:2      | You fall through a shaft!
   762 | D:3      | Found a shimmering altar of Xom.
   762 | D:3      | Noticed an angel
   765 | D:3      | Found a glowing silver altar of Zin.
   788 | D:3      | Reached ** piety under Trog
   834 | D:3      | Noticed a scorpion
   839 | D:3      | Reached XP level 4. HP: 30/41 MP: 3/3
   848 | D:3      | Killed a scorpion
   872 | D:3      | Found a glowing drain.
   967 | D:3      | Killed from afar by an orc priest

Action                   |  1- 3 |  4- 6 || total
-------------------------+-------+-------++-------
Melee: Hand axe          |    47 |    18 ||    65
